 Dungeon Crawl Stone Soup version 0.18.1-48-g4cf74bf (webtiles) character file.

1607 Krapule the Sneak (level 8, -9/43 HPs)
             Began as a Vine Stalker Monk on July 25, 2016.
             Mangled by an orc warrior
             ... wielding a +0 war axe
              (20 damage)
             ... on level 6 of the Dungeon.
             The game lasted 00:22:08 (4648 turns).

Krapule the Sneak (Vine Stalker Monk)               Turns: 4648, Time: 00:22:08

Health: -9/43      AC:  9    Str: 13    XL:     8   Next: 95%
Magic:  0/9        EV: 16    Int: 10    God:
Gold:   266        SH:  0    Dex: 24    Spells: 0 memorised, 7 levels left

rFire  . . .     SeeInvis .       - Unarmed
rCold  . . .     Gourm    .     v - +5 robe of the Heavens {rElec Dex+4}
rNeg   . . .     Faith    .     (no shield)
rPois  .         Spirit   +     (no helmet)
rElec  +         Dismiss  .     (no cloak)
rCorr  .         Reflect  .     j - +1 pair of gloves
SustAt .         Harm     .     (no boots)
MR     +....                    (no amulet)
Stlth  ++++......               (no ring)
                                (no ring)

@: somewhat resistant to hostile enchantments, stealthy
A: fangs 3, regeneration 2, magic shield, antimagic bite, no device heal 3, rot
immunity
a: no special abilities


You were on level 6 of the Dungeon.
You were not hungry.

You visited 1 branch of the dungeon, and saw 6 of its levels.
You also visited: Sewer.

You collected 266 gold pieces.

Inventory:

Missiles
 i - 7 javelins (quivered)
Armour
 g - a +0 shield
 j - a +1 pair of gloves (worn)
 n - a troll hide {Purgy}
 v - the +5 robe of the Heavens (worn) {rElec Dex+4}
   (You found it on level 4 of the Dungeon)

   It affects your dexterity (+4).
   It insulates you from electricity.
Jewellery
 o - an uncursed amulet of harm
 t - an uncursed amulet of faith
Wands
 m - a wand of digging (5/24)
 p - a wand of lightning (0/15)
Scrolls
 h - a scroll of identify
 r - 4 scrolls of remove curse
 s - a scroll of teleportation {unknown}
Potions
 c - 2 potions of curing
 e - a potion of agility
 k - a potion of heal wounds {unknown}
 l - 2 potions of magic
 q - a potion of might
 u - a potion of flight {unknown}
Books
 d - a book of the Tempests

   Spells                             Type                      Level
   a - Static Discharge               Conjuration/Air              3
   b - Lightning Bolt                 Conjuration/Air              5
   c - Fireball                       Conjuration/Fire             5
   d - Tornado                        Air                          9
   e - Shatter                        Earth                        9
Comestibles
 a - 3 chunks of flesh
 b - 6 bread rations
 f - 3 meat rations


   Skills:
 + Level 5.2 Fighting
 - Level 2.0 Armour
 + Level 4.7 Dodging
 + Level 6.9 Stealth
 + Level 3.4 Shields
 + Level 6.1 Unarmed Combat


You had 7 spell levels left.
You didn't know any spells.

Dungeon Overview and Level Annotations

Branches:
Dungeon (6/15)
 Temple: D:4-7

Altars:
Ashenzari
Dithmenos
Gozag
Makhleb
Zin

Annotations:
D:4 WarriorsX's ghost, amateur HuFi


Innate Abilities, Weirdness & Mutations

You have razor-sharp teeth.
You heal very quickly.
When hurt, damage is shared between your health and your magic reserves.
Your bite disrupts and absorbs the magic of your enemies.
Potions and wands cannot restore your health.
You are immune to rotting.


Message History

You hit the orc warrior. Your bite misses the orc warrior.
The orc warrior is moderately wounded.
The orc warrior hits you but does no damage.
You hit the orc warrior.
The orc warrior is moderately wounded.
The orc warrior misses you.
You hit the orc warrior but do no damage.
The orc warrior is moderately wounded.
You closely miss the orc warrior. Your bite misses the orc warrior.
The orc warrior is moderately wounded.
The orc warrior hits you with a war axe!!
You closely miss the orc warrior. Your bite misses the orc warrior.
The orc warrior is moderately wounded.
The orc warrior hits you with a war axe!!
* * * LOW HITPOINT WARNING * * *
You hit the orc warrior but do no damage.
You bite the orc warrior, but do no damage.
The orc warrior is moderately wounded.
The orc warrior hits you with a war axe!!
You die...

..## #.[.........## ...###
##............# .....##
#.............. ..##..##
#............. ..###..##
#### #....<........ .##
###.### #..#
##..........>. .# ##..##
##.#####.....o...... ##
##..###..###..............
##..#...@oo.###..........
##....###### ##........#
#..### #.......## ##.##
######...#..## #..#
###....#....### ..# #.##
##............## ...##
##.# ##..............# #
....# #.<#
##............##.##.
....## ##.##
#.............###.#.


You could see an orc warrior and an orc.

Vanquished Creatures
  Grinder (D:5)
  Eustachio (D:5)
  A phantom (D:5)
  Purgy (Sewer)
  An ice beast (D:6)
  An ogre (D:6)
  2 sky beasts
  A howler monkey (D:4)
  2 giant frog zombies (D:6)
  3 crimson imps (D:5)
  An orc priest (D:3)
  3 orc wizards
  An iguana (D:5)
  A worker ant (D:4)
  A killer bee zombie (D:5)
  2 hound skeletons
  A worker ant zombie (D:6)
  9 adders
  2 shadow imps (D:6)
  6 oozes
  2 worms
  5 dart slugs
  4 giant geckos
  21 orcs
  2 ball pythons
  7 giant cockroaches
  9 goblins
  12 hobgoblins
  12 jackals
  5 quokkas
  10 bats
  2 giant gecko zombies (D:5)
  4 giant newts
  13 kobolds
  11 rats
160 creatures vanquished.

Notes
Turn   | Place    | Note
--------------------------------------------------------------
     0 | D:1      | Krapule the Vine Stalker Monk began the quest for the Orb.
     0 | D:1      | Reached XP level 1. HP: 11/11 MP: 2/2
    89 | D:1      | Reached XP level 2. HP: 16/16 MP: 3/3
   271 | D:1      | Reached XP level 3. HP: 13/19 MP: 2/4
   735 | D:2      | Reached skill level 1 in Armour
   936 | D:2      | Found an opulent altar of Gozag.
   992 | D:2      | Reached XP level 4. HP: 19/24 MP: 2/5
  1326 | D:2      | Found a glowing silver altar of Zin.
  1539 | D:3      | Reached XP level 5. HP: 23/28 MP: 6/6
  1589 | D:3      | Found a shattered altar of Ashenzari.
  1828 | D:3      | Gained mutation: You heal very quickly. [Vine Stalker growth]
  1828 | D:3      | Reached XP level 6. HP: 31/32 MP: 7/7
  2110 | D:4      | Noticed WarriorsX's ghost (amateur HuFi)
  2428 | D:5      | Entered Level 5 of the Dungeon
  2487 | D:5      | Reached skill level 1 in Shields
  2535 | D:5      | Reached XP level 7. HP: 37/37 MP: 8/8
  2697 | D:5      | Found a shadowy altar of Dithmenos.
  2698 | D:5      | Noticed Grinder
  2713 | D:5      | Killed Grinder
  2713 | D:5      | Reached skill level 5 in Stealth
  2713 | D:5      | Reached skill level 5 in Unarmed Combat
  2750 | D:5      | Found a glowing drain.
  2779 | Sewer    | Entered a sewer
  2800 | Sewer    | Noticed Purgy
  2955 | Sewer    | Killed Purgy
  3028 | D:5      | Gained mutation: You have razor-sharp teeth. [Vine Stalker growth]
  3028 | D:5      | Reached XP level 8. HP: 42/42 MP: 9/9
  3075 | D:5      | Noticed Eustachio
  3326 | D:4      | Got a slimy robe
  3338 | D:4      | Identified the +5 robe of the Heavens {rElec Dex+4} (You found it on level 4 of the Dungeon)
  3640 | D:5      | Killed Eustachio
  4323 | D:6      | Reached skill level 5 in Fighting
  4360 | D:6      | Found a burning altar of Makhleb.
  4360 | D:6      | Noticed a green death
  4648 | D:6      | Mangled by an orc warrior

Skill      XL: |  1  2  3  4  5  6  7  8 |
---------------+-------------------------+-----
Fighting       | 3 4 5 |  5.2
Armour         | 1 2 |  2.0
Stealth        | 3 4 5 6 |  6.9
Dodging        | 3 4 |  4.7
Shields        | 1 2 3 |  3.4
Unarmed Combat | 5 6 |  6.1

Action                   |  1- 3 |  4- 6 |  7- 9 || total
-------------------------+-------+-------+-------++-------
Melee: Unarmed           |   115 |   264 |   250 ||   629
       Bite              |    31 |    87 |   107 ||   225
       Punch             |     2 |     3 |     7 ||    12
Throw: Javelin           |       |       |     1 ||     1
Evoke: Wand              |       |       |     5 ||     5
  Use: Scroll            |       |     2 |     7 ||     9
 Stab: Sleeping          |     3 |     9 |    10 ||    22
       Distracted        |       |       |     2 ||     2
  Eat: Chunk             |       |     6 |     4 ||    10
       Beef jerky        |       |       |     2 ||     2
Armor: Robe              |    20 |       |    39 ||    59
       Ring mail         |     6 |    72 |    73 ||   151
Dodge: Dodged            |    85 |   172 |   223 ||   480
